 Dungeon Crawl Stone Soup version 0.31.0-11-ge490571c62 (webtiles) character file.

Game seed: 5938502114125302108

166 dave1331 the Chopper (level 5, -7/47 HPs)
             Began as a Hill Orc Fighter on Jan 31, 2024.
             Killed by divine providence
             ... invoked by an orc priest
              (10 damage)
             ... on level 4 of the Dungeon.
             The game lasted 00:13:01 (3182 turns).

dave1331 the Chopper (Hill Orc Fighter)             Turns: 3182, Time: 00:13:02

Health: -7/47      AC:  8    Str: 19    XL:     5   Next: 47%
Magic:  5/5        EV: 24    Int:  8    God:
Gold:   291        SH:  4    Dex: 12    Spells: 4/4 levels left

rFire   + . .        a - +0 war axe
rCold   + . .        c - +0 buckler
rNeg    . . .        b - +1 scale mail
rPois   +            (no helmet)
rElec   +            (no cloak)
rCorr   +            (no gloves)
SInv    +            (no boots)
Will    .....        g - amulet of the acrobat Stlth
                     e - ring of see invisible
HPRegen 0.27/turn    (no ring)
MPRegen 0.09/turn

%: acrobat
@: mighty, resistant, acrobatic
A: no striking features
a: Convert to Beogh


You were on level 4 of the Dungeon.
You visited 1 branch of the dungeon, and saw 4 of its levels.

You collected 291 gold pieces.

Inventory:

Hand Weapons
 a - a +0 war axe (weapon)
Armour
 b - a +1 scale mail (worn)
 c - a +0 buckler (worn)
Jewellery
 e - a ring of see invisible (left hand)
 g - an amulet of the acrobat (around neck)
 h - an amulet of reflection
 i - a ring of fire
Scrolls
 k - a scroll of poison
 l - 2 scrolls of teleportation
Potions
 f - a potion of resistance


   Skills:
 + Level 4.4 Fighting
 + Level 5.3 Axes
 + Level 0.1 Throwing
 + Level 4.1 Armour
 + Level 0.5 Dodging
 + Level 0.4 Stealth
 + Level 3.6 Shields


You had 4 spell levels left.
You didn't know any spells.
Your spell library contained the following spells:

 Spells                   Type           Power      Damage    Failure   Level
 Shock                    Conj/Air       0%         1d3       85%         1
 Slow                     Hex            0%         N/A       85%         1
 Sting                    Conj/Alch      0%         1d3       85%         1
 Mercury Vapours          Alch/Air       0%         N/A       94%         2
 Confusing Touch          Hex            0%         N/A       99%         3
 Sigil of Binding         Hex            0%         N/A       99%         3
 Swiftness                Air            0%         N/A       99%         3
 Vampiric Draining        Necr           0%         2d6       99%         3
 Airstrike                Air            0%         2d(0-16)  100%        4
 Olgreb's Toxic Radiance  Alch           0%         N/A       100%        4


Dungeon Overview and Level Annotations

Branches:
Dungeon (4/15)             Temple (0/1) D:4

Altars:

Shops:
D:3 !*


Message History

The orc misses you. The hound misses you. The hound closely misses you.
The hound attacks as it pursues you! The hound completely misses you.
You feel better. The hound bites you but does no damage. The hound bites you.
You feel protected. The hound bites you. The orc hits you but does no damage.
The orc hits you with a +0 hand axe.
The orc priest looks satisfied for a moment.
The orc priest threatens, "By the altar or by the axe, you will meet Beogh!"
You slash the orc!
You kill the orc!
You closely miss the orc. You miss the hound. The hound barely misses you.
You block the hound's attack. The orc hits you with a +0 hand axe.
* * * LOW HITPOINT WARNING * * *
You barely miss the ribbon worm. You barely miss the orc. You slash the hound!
The orc priest shouts, "Join the one true god or die!"
You block the hound's attack. The ribbon worm closely misses you.
The hound misses you.
The orc priest shouts, "Beogh is our master!
Accept the truth or die!"
You slash the orc!
You kill the orc!
You barely miss the ribbon worm. You barely miss the hound.
The orc priest threatens, "By the altar or by the axe, you will meet Beogh!"
The hound barely misses you.
The ribbon worm expels a string of sticky webbing.
The stream of webbing hits you but does no damage.
You are caught in a web!
The hound barely misses you.
The web tears apart.
The orc priest hits you with a +0 flail.
* * * LOW HITPOINT WARNING * * *
The hound bites you.
* * * LOW HITPOINT WARNING * * *
The ribbon worm bites you.
* * * LOW HITPOINT WARNING * * *
Found a dagger.
The hound misses you. You block the ribbon worm's attack.
Found 4 stones.
The hound attacks as it pursues you! You block the hound's attack.
The orc priest invokes the aid of Beogh against you.
Beogh smites you!
You die...

#######..#######........##..)
#######..#.......##..##.. ..
.......#.#.###........ ... .
.......#........##.... ...
..........#.###............
........#.#.....#..#...#####
........ow..###.#.#
.......#.$wh.......
.......##.o@......(
.......#..#####....
#......).## ... #........
...... ...... .....


You could see 2 ribbon worms, a hound, an orc priest and an orc.

Vanquished Creatures
  A bombardier beetle (D:4)
  Robin (D:3)
  4 adders
  2 dart slugs (D:1)
  A ribbon worm (D:3)
  4 orcs
  6 ball pythons
  5 endoplasms
  2 giant cockroaches (D:2)
  13 goblins
  7 hobgoblins
  9 jackals
  7 kobolds
  4 quokkas
  A bat (D:2)
  2 frilled lizards
  5 rats
74 creatures vanquished.

Notes
Turn   | Place    | Note
-------+----------+-------------------------------------------
     0 | D:1      | dave1331 the Hill Orc Fighter began the quest for the Orb.
     0 | D:1      | Reached XP level 1. HP: 19/19 MP: 1/1
   129 | D:1      | Found a faded altar of an unknown god.
   298 | D:1      | Reached XP level 2. HP: 27/27 MP: 2/2
   458 | D:1      | Reached skill level 3 in Axes
   615 | D:1      | Reached XP level 3. HP: 33/33 MP: 3/3
  2030 | D:3      | Reached skill level 4 in Axes
  2030 | D:3      | Reached XP level 4. HP: 24/40 MP: 4/4
  2472 | D:3      | Found Ruazxoas's Distillery.
  2699 | D:3      | Found Kennefuonn's General Store.
  2776 | D:3      | Identified the +0 helmet of Compassion {*Corrode rElec rF+}
  2776 | D:3      | Noticed Robin
  2804 | D:3      | Killed Robin
  3065 | D:4      | Noticed a scorpion
  3065 | D:4      | Found a staircase to the Ecumenical Temple.
  3090 | D:4      | Reached XP level 5. HP: 46/46 MP: 5/5
  3114 | D:4      | Reached skill level 5 in Axes
  3182 | D:4      | Killed from afar by an orc priest

Illustrated notes

Levels and vault maps discovered:
D:1:      heliophobic_arrival_ceremonial_halls, layout_loops_corners,
          hellmonk_ecumenical_altar_heavens_door, minmay_pentomino_z2
D:2:      layout_loops_cross
D:3:      layout_loops_corners, serial_shops, nicolae_shop_waterfront,
          nicolae_shop_window_shopping, grunt_decor_junction, uniq_robin
D:4:      layout_rooms, minmay_temple_entry_glass, nicolae_wormholes

Skill      XL: |  1  2  3  4  5 |
---------------+----------------+-----
Axes           | 3 4 5 |  5.3
Fighting       | 4 |  4.4
Armour         | 4 |  4.1
Throwing       | |  0.1
Dodging        | |  0.5
Stealth        | |  0.4
Shields        | |  3.6

Action                     |  1- 3 |  4- 6 || total
---------------------------+-------+-------++-------
  Melee: War axe           |   120 |    78 ||   198
  Throw: Stone             |       |    30 ||    30
    Use: Scroll            |     5 |     1 ||     6
         Potion            |     4 |     5 ||     9
 Armour: Scale mail        |    74 |    72 ||   146
  Dodge: Dodged            |    84 |    56 ||   140
  Block: Buckler           |    26 |    18 ||    44
